 Dungeon Crawl Stone Soup version 0.29-a0-1016-g236c7fd91e (webtiles) character file.

Game seed: 9639475577199617706

32 Turgor the Shooter (level 3, 28/28 HPs)
             Began as a Formicid Hunter on Aug 9, 2022.
             Was a Follower of the Shining One.
             Quit the game on level 1 of the Dungeon.
             The game lasted 00:05:29 (589 turns).

Turgor the Shooter (Formicid Hunter)                 Turns: 589, Time: 00:05:30

Health: 28/28      AC:  3    Str: 15    XL:     3   Next: 42%
Magic:  3/3        EV: 16    Int: 10    God:    the Shining One [*.....]
Gold:   38         SH:  0    Dex: 17    Spells: 2/2 levels left

rFire   . . .      SeeInvis +   a - +0 shortbow
rCold   . . .      Faith    .   (no shield)
rNeg    . . .      Spirit   .   c - +0 leather armour
rPois   .          Reflect  .   (helmet unavailable)
rElec   .          Harm     .   (no cloak)
rCorr   .          Rampage  .   (no gloves)
Will    .....                   (no boots)
Stlth   +.........              (no amulet)
HPRegen 0.09/turn               e - +4 ring of evasion
MPRegen 0.08/turn               (no ring)

@: glowing
A: permanent stasis, dig shafts and tunnels, antennae 3, four strong arms
a: Dig, Shaft Self, Renounce Religion, Divine Shield


You were on level 1 of the Dungeon.
You worshipped the Shining One.
The Shining One was aware of your devotion.
You visited 1 branch of the dungeon, and saw 1 of its levels.

You collected 38 gold pieces.

Inventory:

Hand Weapons
 a - a +0 shortbow (weapon)
Armour
 c - a +0 leather armour (worn)
Jewellery
 e - a +4 ring of evasion (left hand)
Scrolls
 b - a scroll of immolation
 f - a scroll of fear {unknown}
 g - a scroll of identify {unknown}
Potions
 d - a potion of curing {unknown}


   Skills:
 + Level 2.5 Fighting
 * Level 4.4 Ranged Weapons
 + Level 1.1 Armour
 - Level 2.0 Dodging
 + Level 1.9 Stealth


You had 2 spell levels left.
You didn't know any spells.
Your spell library was empty.

Dungeon Overview and Level Annotations

Branches:
Dungeon (1/15)

Altars:
The Shining One


Innate Abilities, Weirdness & Mutations

You cannot be hasted, slowed, berserked, paralysed or teleported.
You can dig through walls and to a lower floor.
You have a pair of large antennae on your head. (SInv)
Your four strong arms can wield two-handed weapons with a shield.


Message History

The arrow hits the fungus!
The fungus begins to die.
The fungus is lightly damaged.
The ball python loses its grip on something.
Fire: a) +0 shortbow
Press: ? - help, Q - select action, (/) - cycle Shift-Dir - straight line, f - ball python
Aim: a ball python (60% to hit)
You shoot an arrow.
The arrow barely misses the ball python.
Fire: a) +0 shortbow
Press: ? - help, Q - select action, (/) - cycle Shift-Dir - straight line, f/p - ball python
Aim: a ball python (60% to hit)
You shoot an arrow. The arrow hits the ball python.
The ball python is severely wounded.
Fire: a) +0 shortbow
Press: ? - help, Q - select action, (/) - cycle Shift-Dir - straight line, f/p - ball python
Aim: a ball python (severely wounded, 60% to hit)
You shoot an arrow. The arrow hits the ball python!
You kill the ball python!
You see here a hobgoblin corpse.
A nearby plant withers and dies.
You see here a ball python corpse.
A quokka is nearby!
You shoot an arrow. The arrow barely misses the quokka.
You shoot an arrow. The arrow barely misses the quokka.
You shoot an arrow. The arrow hits the quokka!
You kill the quokka!
Found a faded altar of an unknown god.
You sense a monster nearby.
There is a faded altar of an unknown god here.
You cannot tell which god this altar belongs to.
Convert to them anyway?
The Shining One accepts your prayer! The Shining One welcomes you!
You and your allies can now gain power from killing the unholy and evil.
You can now call upon the Shining One for a divine shield.
A kobold comes into view. It is wielding a +0 short sword.
The kobold shouts!
You shoot an arrow. The arrow hits the kobold!
You kill the kobold!
Okay, then.
Are you sure you want to abandon this character and quit the game? (Confirm with "yes".)

###......#....#..#_#P..#
###......###..######P..#
.........# #......# ..#
###......# #......#
###......#######.##
.###.###..# #.# .# #.#
##.# #.# ## #.# #.# #.#
#.## #.# #@# #..# #.#
#.)..# ##.###.# #.####
####.....)# #
......##### #####.# #.#
#.# #.#


There were no monsters in sight!

Vanquished Creatures
  2 dart slugs (D:1)
  2 endoplasms (D:1)
  3 goblins (D:1)
  A hobgoblin (D:1)
  4 jackals (D:1)
  6 kobolds (D:1)
  2 quokkas (D:1)
  2 ball pythons (D:1)
  2 frilled lizards (D:1)
  2 rats (D:1)
26 creatures vanquished.

Vanquished Creatures (others)
  2 fungi (D:1)
  A plant (D:1)
3 creatures vanquished.

Grand Total: 29 creatures vanquished

Notes
Turn   | Place    | Note
-------+----------+-------------------------------------------
     0 | D:1      | Turgor the Formicid Hunter began the quest for the Orb.
     0 | D:1      | Reached XP level 1. HP: 16/16 MP: 1/1
    48 | D:1      | Reached XP level 2. HP: 14/22 MP: 2/2
   333 | D:1      | Reached skill level 1 in Armour
   345 | D:1      | Reached XP level 3. HP: 28/28 MP: 3/3
   548 | D:1      | Found a faded altar of an unknown god.
   572 | D:1      | Prayed at the altar of an unknown god.
   572 | D:1      | Became a worshipper of the Shining One
   572 | D:1      | Reached * piety under the Shining One
   589 | D:1      | Quit the game

Illustrated notes

Levels and vault maps discovered:
D:1:      dpeg_arrival_short_road, layout_loops_ring,
          shapermc_ecumenical_altar_mp_ritualfount, minmay_bisected

Skill      XL: |  1  2 |
---------------+-------+-----
Dodging        | 2 |  2.0
Armour         | 1 |  1.1
Fighting       | |  2.5
Ranged Weapons | |  4.4
Stealth        | |  1.9

Action                   || total
-------------------------++-------
 Fire: Shortbow          ||    75
Armor: Leather armour    ||    10
Dodge: Dodged            ||    29

Table legend: (Time is in decaauts)
 A = Elapsed time spent in this place.
 B = Non-inter-level travel time spent in this place.
 C = Inter-level travel time spent in this place.
 D = Time resting spent in this place.
 E = Time spent auto-exploring this place.
 F = Levels seen in this place.
 G = Mean time per level.
                   A        B        C        D        E       F      G
               +--------+--------+--------+--------+--------+-----+--------+
         Total |    612 |    612 |      0 |      0 |    411 |   1 |  612.0 |
       Dungeon |    612 |    612 |      0 |      0 |    411 |   1 |  612.0 |
               +--------+--------+--------+--------+--------+-----+--------+

Top non-repeatable levels by time:
     D:1: 612 daAuts
